 Dungeon Crawl Stone Soup version 0.28-a0-773-g130ae17fe5 (webtiles) character file.

Game seed: 7766673998433538339

249 karkarkar the Chopper (level 5, -8/47 HPs)
             Began as a Minotaur Monk on Nov 1, 2021.
             Was an Elder of Yredelemnul.
             Mangled by a hornet (12 damage)
             ... on level 4 of the Dungeon.
             The game lasted 00:12:15 (4320 turns).

karkarkar the Chopper (Minotaur Monk)               Turns: 4320, Time: 00:12:15

Health: -8/47      AC:  2    Str: 16    XL:     5   Next: 87%
Magic:  5/5        EV: 13    Int:  8    God:    Yredelemnul [****..]
Gold:   125        SH:  0    Dex: 12    Spells: 6/6 levels left

rFire   . . .      SeeInvis .   a - +0 hand axe
rCold   . . .      Faith    .   (no shield)
rNeg    . . .      Spirit   .   b - +0 robe
rPois   .          Reflect  .   (helmet restricted)
rElec   .          Harm     .   (no cloak)
rCorr   .          Rampage  .   (no gloves)
Will    .....                   (no boots)
Stlth   ++........              (no amulet)
HPRegen 0.15/turn               (no ring)
MPRegen 0.09/turn               (no ring)

@: lethally poisoned (-8 -> -18), flying, slowed, very slow
A: horns 2, retaliatory headbutt
a: Renounce Religion, Recall Undead Slaves, Injury Mirror, Animate Dead, Drain
Life


You were on level 4 of the Dungeon.
You worshipped Yredelemnul.
Yredelemnul was greatly pleased with you.
You visited 1 branch of the dungeon, and saw 4 of its levels.

You collected 125 gold pieces.

Inventory:

Hand Weapons
 a - a +0 hand axe (weapon)
Missiles
 j - a boomerang (quivered)
Armour
 b - a +0 robe (worn)
 g - a +0 ring mail
Jewellery
 f - an amulet of guardian spirit
Scrolls
 h - a scroll of teleportation {unknown}
 i - a scroll of summoning {unknown}
 k - a scroll of enchant armour {unknown}
 l - a scroll of acquirement {unknown}
 m - a scroll of fog {unknown}
Potions
 c - a potion of flight
 d - a potion of heal wounds {unknown}
 e - 2 potions of brilliance {unknown}
 n - 2 potions of curing {unknown}
 o - a potion of lignification {unknown}


   Skills:
 + Level 4.7 Fighting
 + Level 5.0 Axes
 + Level 0.2 Throwing
 + Level 4.0 Dodging
 + Level 2.3 Stealth
 * Level 1.2 Spellcasting
 * Level 2.0 Invocations


You had 6 spell levels left.
You didn't know any spells.
Your spell library was empty.

Dungeon Overview and Level Annotations

Branches:
Dungeon (4/15)
 Temple: D:4-7

Altars:
Yredelemnul


Innate Abilities, Weirdness & Mutations

You have a pair of horns on your head.
You reflexively headbutt those who attack you in melee.


Message History

There is an open door here.
You open the door.
A hornet comes into view.
The hornet buzzes angrily.
There is an open door here.
Throw: boomerang
Press: ? - help, Q - select action, (/) - cycle Shift-Dir - straight line, f - hornet
Aim: a hornet (44% to hit)
Really fire in your ball python zombie's direction?
Okay, then.
Unknown command.
Okay, then.
The hornet stings your ball python zombie!
Your ball python zombie is destroyed!
The hornet stings you.
You feel yourself slow down.
Your ogre zombie barely misses the hornet.
You call on the dead to rise...
There are no remains here to animate!
Unknown command.
Okay, then.
It was a potion of flight.
You feel very buoyant.
You fly up into the air.
You feel yourself speed up. The hornet stings you.
You are poisoned.
You feel yourself slow down. The hornet stings you!
You are lethally poisoned!
You feel as though you will be slow longer.
Your ogre zombie hits the hornet with a +0 giant spiked club!!
The hornet barely misses you.
* * * LOW HITPOINT WARNING * * *
You feel extremely sick. The hornet stings you.
* * * LOW HITPOINT WARNING * * *
You feel as though you will be slow longer.
* * * LOW HITPOINT WARNING * * *
You feel very sick. The hornet stings you!
You die...
Your body rises from the dead as a mindless zombie.

.# .## ..##
... y. .#
#+#####.#
#@yZ..'.#
#.###.#.#
#.###Z#.#
#.###.#.####
+.....#....#
#####'#.# .#
#...##(#
##.....#
##..#..#


You could see a hornet (ally target), a friendly ogre zombie and a friendly dart
slug zombie.

Vanquished Creatures
  An ogre (D:4)
  4 gnolls
  A worm (D:2)
  A dart slug (D:3)
  4 orcs
  4 bats
  4 endoplasms
  A giant cockroach (D:2)
  5 goblins
  4 hobgoblins
  12 jackals
  2 kobolds
  4 quokkas
  8 ball pythons
  A frilled lizard (D:1)
  2 rats
58 creatures vanquished.

Vanquished Creatures (collateral kills)
  A bullfrog skeleton (D:4)
  2 adders
  A dart slug (D:4)
  2 ball pythons
  2 jackals (D:3)
  2 frilled lizards (D:3)
  A rat (D:3)
11 creatures vanquished.

Vanquished Creatures (others)
  A ball python zombie (D:4)
  A frilled lizard zombie (D:3)
  2 jackal zombies (D:3)
4 creatures vanquished.

Grand Total: 73 creatures vanquished

Notes
Turn   | Place    | Note
-------+----------+-------------------------------------------
     0 | D:1      | karkarkar the Minotaur Monk began the quest for the Orb.
     0 | D:1      | Reached XP level 1. HP: 19/19 MP: 0/0
   178 | D:1      | Found a faded altar of an unknown god.
   302 | D:1      | Prayed at the altar of an unknown god.
   302 | D:1      | Became a worshipper of Yredelemnul the Dark
   302 | D:1      | Reached * piety under Yredelemnul
   302 | D:1      | Reached ** piety under Yredelemnul
   362 | D:1      | Reached XP level 2. HP: 27/27 MP: 1/1
   452 | D:1      | Reached *** piety under Yredelemnul
   820 | D:1      | Reached skill level 4 in Axes
   881 | D:1      | Reached XP level 3. HP: 31/33 MP: 2/2
  2754 | D:2      | Reached XP level 4. HP: 9/40 MP: 3/3
  3095 | D:3      | Reached skill level 1 in Invocations
  3470 | D:3      | Reached **** piety under Yredelemnul
  3910 | D:4      | Noticed an ogre
  4028 | D:4      | Killed an ogre
  4029 | D:4      | Reached skill level 1 in Spellcasting
  4029 | D:4      | Reached XP level 5. HP: 38/47 MP: 3/5
  4181 | D:4      | Reached skill level 5 in Axes
  4312 | D:4      | Noticed a hornet
  4320 | D:4      | Mangled by a hornet

Illustrated notes

Levels and vault maps discovered:
D:1:      wheals_arrival_shading, layout_basic, shapermc_ecumenical_altar_petra
D:2:      layout_loops_ring, serial_co_window_serial, co_window_paths_b,
          co_window_corner_a, co_window_paths_a, co_window_paths_a,
          co_window_paths_a, co_window_corner_a, co_window_corner_a,
          co_window_corner_a, co_window_of_opportunity_a, co_window_corner_b,
          co_window_broadway_a, co_window_broadway_a, co_window_paths_e,
          co_window_4corner_a, glass_columns_a, glass_columns_b, glass_columns_a
D:3:      layout_basic, skrybe_limestone_x
D:4:      layout_loops_corners, minmay_misc_feat_encased

Skill      XL: |  1  2  3  4  5 |
---------------+----------------+-----
Fighting       | 4 |  4.7
Axes           | 4 5 |  5.0
Stealth        | 2 |  2.3
Invocations    | 1 2 |  2.0
Dodging        | 4 |  4.0
Spellcasting   | 1 |  1.2
Throwing       | |  0.2

Action                   |  1- 3 |  4- 6 || total
-------------------------+-------+-------++-------
Melee: Hand axe          |   107 |    39 ||   146
       Headbutt          |    13 |     6 ||    19
Throw: Boomerang         |       |     6 ||     6
Invok: Injury Mirror     |     1 |       ||     1
       Animate Dead      |       |     7 ||     7
       Recall Undead Sla |       |     2 ||     2
  Use: Scroll            |       |     1 ||     1
       Potion            |       |     1 ||     1
 Stab: Sleeping          |     5 |       ||     5
Armor: Robe              |     7 |     7 ||    14
       Ring mail         |     4 |       ||     4
Dodge: Dodged            |    83 |    49 ||   132

Table legend: (Time is in decaauts)
 A = Elapsed time spent in this place.
 B = Non-inter-level travel time spent in this place.
 C = Inter-level travel time spent in this place.
 D = Time resting spent in this place.
 E = Time spent auto-exploring this place.
 F = Levels seen in this place.
 G = Mean time per level.
                   A        B        C        D        E       F      G
               +--------+--------+--------+--------+--------+-----+--------+
         Total |   4338 |   4205 |    133 |    809 |   2436 |   4 | 1084.5 |
       Dungeon |   4338 |   4205 |    133 |    809 |   2436 |   4 | 1084.5 |
               +--------+--------+--------+--------+--------+-----+--------+

Top non-repeatable levels by time:
     D:2: 1785 daAuts
     D:1: 1278 daAuts
     D:3: 662 daAuts
     D:4: 611 daAuts
